 Dungeon Crawl Stone Soup version 0.30.0-29-ga12c61a403 (webtiles) character file.

Game seed: 11905660047132148234

505390 PoweredByGinger the Ruinous (level 25, -2/159 HPs)
             Began as a Gargoyle Earth Elementalist on June 20, 2023.
             Was the Champion of Vehumet.
             Slain by Mennas
             ... wielding a +4 sacred scourge of holy wrath
              (10 damage)
             ... on level 4 of the Vaults on June 21, 2023.
             The game lasted 03:44:19 (71294 turns).

PoweredByGinger the Ruinous (GrEE)                 Turns: 71294, Time: 03:44:19

Health: -2/159     AC: 31    Str: 14    XL:     25   Next: 33%
Magic:  51/55      EV: 15    Int: 33    God:    Vehumet [******]
Gold:   4721       SH: 11    Dex: 12    Spells: 10/63 levels left

rFire   + + .        R - staff of conjuration "Zaiceaz" {rPois Stlth+}
rCold   + + .        M - +1 kite shield {rC+}
rNeg    + . .        T - +2 robe {rF+}
rPois   ∞            Q - +2 hat {Stlth+}
rElec   +            V - scarf {repulsion}
rCorr   +            H - +2 pair of gloves of a treasure trove {rCorr Slay+6}
SInv    .            y - +2 pair of boots "Goguept" {Int+7}
Will    ++...        u - amulet of magic regeneration
Stlth   ++++         p - ring of wizardry
HPRegen 0.46/turn    a - ring of magical power
MPRegen 0.74/turn

%: repel missiles, wizardry (x1)
@: resistant, flying, hasted, glowing, silenced, very quick
A: sickness immunity, AC +19, big wings, negative energy resistance 1,
electricity resistance, torment resistance 1, petrification resistance, thin
skeletal structure 1, strong-willed 1
}: 2/15 runes: decaying, serpentine
a: Renounce Religion


You were on level 4 of the Vaults.
You worshipped Vehumet.
Vehumet was exalted by your worship.
You visited 9 branches of the dungeon, and saw 43 of its levels.
You also visited: Sewer, Ice Cave, Volcano and Desolation.

You collected 9504 gold pieces.
You spent 4783 gold pieces at shops.

Inventory:

Missiles
 m - 8 throwing nets
 I - 7 javelins
Armour
 y - the +2 pair of boots "Goguept" (worn) {Int+7}
   (You found it on level 13 of the Dungeon)

   Int:       It affects your intelligence (+7).
 E - a +2 robe of willpower
 H - the +2 pair of gloves of a treasure trove (worn) {rCorr Slay+6}
   (You found it on level 2 of the Dungeon)

   Slay:      It affects your accuracy & damage with ranged weapons and melee
   (+6).
   rCorr:     It protects you from acid and corrosion.
 M - a +1 kite shield of cold resistance (worn)
 N - a +2 tower shield of cold resistance
 Q - a +2 hat of stealth (worn)
 T - a +2 robe of fire resistance (worn)
 V - a scarf of repulsion (worn)
 Y - the +9 scales of the Dragon King {rPois rF+ rC+ Will+}
   (You found it on level 2 of the Depths)

   rF:        It protects you from fire.
   rC:        It protects you from cold.
   rPois:     It protects you from poison.
   Will:      It increases your willpower.
Magical Staves
 R - the staff of conjuration "Zaiceaz" (weapon) {rPois Stlth+}
   (You found it on level 3 of the Elven Halls)

   [staff of conjuration]

   Base accuracy: +5 Base damage: 5 Base attack delay: 1.2 This weapon's minimum
   attack delay (0.6) is reached at skill level 12.
   rPois:     It protects you from poison.
   Stlth:     It makes you more stealthy.
   It falls into the 'Staves' category.
   It is a one-handed weapon.
Jewellery
 a - a ring of magical power (right hand)
 e - the ring of Agoczick {rPois AC+4 Dex+2}
   (You took it off a deep elf death mage on level 5 of the Vaults)

   [ring of protection]

   AC:        It affects your AC (+4).
   Dex:       It affects your dexterity (+2).
   rPois:     It protects you from poison.
 g - the ring "Nise" {rF+ rN+ Will+}
   (You found it in the Desolation of Salt)

   [ring of positive energy]

   rF:        It protects you from fire.
   rN:        It protects you from negative energy.
   Will:      It increases your willpower.
 l - the ring "Ymuh Lae" {Fly rF+ Int+3}
   (You found it in the Desolation of Salt)

   [ring of protection from fire]

   Int:       It affects your intelligence (+3).
   rF:        It protects you from fire.
   Fly:       It grants you flight.
 p - a ring of wizardry (left hand)
 s - the ring of Zaaraipt {Str+6 Dex+2 SInv}
   (You found it on level 12 of the Dungeon)

   [ring of strength]

   Str:       It affects your strength (+6).
   Dex:       It affects your dexterity (+2).
   SInv:      It lets you see invisible.
 u - an amulet of magic regeneration (around neck)
 B - the ring of Xoir {rElec rF+ rC+ rN+}
   (You took it off a deep elf knight on level 3 of the Elven Halls)

   [ring of positive energy]

   rF:        It protects you from fire.
   rC:        It protects you from cold.
   rElec:     It insulates you from electricity.
   rN:        It protects you from negative energy.
 W - an amulet of regeneration
Wands
 d - a wand of charming (73)
 C - a wand of acid (15)
 F - a wand of iceblast (65)
 K - a wand of digging (5)
 L - a wand of flame (68)
 U - a wand of mindburst (12)
Scrolls
 c - 8 scrolls of blinking
 f - 11 scrolls of fear
 h - 4 scrolls of torment
 k - 11 scrolls of poison
 o - 7 scrolls of fog
 r - 12 scrolls of identify
 v - 20 scrolls of teleportation
 x - 3 scrolls of silence
 z - 13 scrolls of magic mapping
 G - 3 scrolls of amnesia
 P - 4 scrolls of enchant armour
 X - 6 scrolls of butterflies
 Z - 12 scrolls of immolation
Potions
 b - 6 potions of magic
 i - 3 potions of cancellation
 j - 8 potions of brilliance
 q - 2 potions of berserk rage
 t - 4 potions of resistance
 w - 28 potions of curing
 A - 9 potions of might
 D - 12 potions of lignification
 O - 7 potions of haste
 S - 3 potions of attraction
Miscellaneous
 J - a condenser vane


   Skills:
 + Level 16.5 Fighting
 - Level 2.6 Armour
 - Level 11.0 Dodging
 - Level 12.8 Stealth
 - Level 7.0 Shields
 * Level 19.6 Spellcasting
 * Level 25.7 Conjurations
 - Level 2.0 Transmutations
 + Level 8.9 Fire Magic
 + Level 24.3 Earth Magic


You had 10 spell levels left.
You knew the following spells:

 Your Spells              Type           Power      Damage    Failure   Level
a - Sandblast             Erth           100%       2d20      0%          1
b - Stone Arrow           Conj/Erth      100%       3d13      0%          3
c - Passwall              Tmut/Erth      73%        N/A       0%          2
d - Magic Dart            Conj           100%       1d8       0%          1
e - Petrify               Tmut/Erth      88%        N/A       1%          4
f - Starburst             Conj/Fire      60%        6d16      1%          6
g - Iron Shot             Conj/Erth      69%        9d13      0%          6
h - Mephitic Cloud        Conj/Pois/Air  93%        N/A       1%          3
i - Freezing Cloud        Conj/Ice/Air   46%        6-21      1%          5
j - Lehudib's Crystal Sp  Conj/Erth      69%        10d16     1%          8
k - Iskenderun's Battles  Conj           100%       2d15      0%          5
l - Shatter               Erth           57%        3d43*     1%          9

Your spell library contained the following spells:

 Spells                   Type           Power      Damage    Failure   Level
 Fire Storm               Conj/Fire      60%        8d15      24%         9
 Chain Lightning          Conj/Air       54%        3d72      75%         9
 Kiss of Death            Conj/Necr      100%       2d13      0%          1
 Shock                    Conj/Air       100%       1d9       0%          1
 Momentum Strike          Conj/Tloc      100%       3d10      0%          2
 Static Discharge         Conj/Air       100%       2-7/arc   0%          2
 Flame Wave               Conj/Fire      100%       2d21      0%          4
 Sticky Flame             Conj/Fire      100%       2d11      0%          4
 Lee's Rapid Deconstruct  Erth           57%        3d26*     0%          5
 Beastly Appendage        Tmut           90%        N/A       1%          1
 Freeze                   Ice            100%       1d10      1%          1
 Necrotise                Necr           100%       1d9       1%          1
 Slow                     Hex            100%       N/A       1%          1
 Sting                    Tmut/Pois      100%       1d8       1%          1
 Blink                    Tloc           64%        N/A       1%          2
 Ensorcelled Hibernation  Hex/Ice        64%        N/A       1%          2
 Lesser Beckoning         Tloc           64%        N/A       1%          2
 Poisonous Vapours        Pois/Air       64%        N/A       1%          2
 Wereblood                Tmut           45%        N/A       1%          2
 Dazzling Flash           Conj/Hex       100%       N/A       1%          3
 Frozen Ramparts          Ice            64%        1d10      1%          3
 Hailstorm                Conj/Ice       100%       3d20      1%          3
 Ignite Poison            Fire/Tmut/Pois 54%        N/A       1%          3
 Inner Flame              Hex/Fire       58%        N/A       1%          3
 Volatile Blastmotes      Fire/Tloc      100%       2d18      1%          3
 Animate Armour           Summ/Erth      100%       N/A       1%          4
 Fulminant Prism          Conj/Hex       54%        3d23      1%          4
 Iskenderun's Mystic Bla  Conj/Tloc      100%       2d19      1%          4
 Leda's Liquefaction      Hex/Erth       42%        N/A       1%          4
 Arcjolt                  Conj/Air       54%        1d64      1%          5
 Fireball                 Conj/Fire      60%        3d23      1%          5
 Irradiate                Conj/Tmut      55%        3d30      1%          5
 Conjure Ball Lightning   Conj/Air       54%        3x3d20    1%          6
 Orb of Destruction       Conj           70%        9d16      1%          7
 Spellforged Servitor     Conj/Summ      54%        N/A       1%          7
 Spider Form              Tmut/Pois      39%        N/A       2%          3
 Confusing Touch          Hex            32%        N/A       3%          3
 Gell's Gravitas          Tloc           32%        N/A       3%          3
 Ozocubu's Armour         Ice            32%        N/A       3%          3
 Summon Guardian Golem    Hex/Summ       32%        N/A       3%          3
 Swiftness                Air            32%        N/A       3%          3
 Teleport Other           Tloc           32%        N/A       3%          3
 Vampiric Draining        Necr           32%        2d8       3%          3
 Vhi's Electric Charge    Tloc/Air       64%        N/A       3%          3
 Airstrike                Air            16%        2d(3-19)  3%          4
 Olgreb's Toxic Radiance  Pois           32%        N/A       3%          4
 Yara's Violent Unravell  Hex/Tmut       19%        3d9       6%          5
 Ice Form                 Ice/Tmut       39%        N/A       8%          4
 Plasma Beam              Fire/Air       29%        2x1d45    8%          6
 Dispel Undead            Necr           32%        3d14      12%         4
 Manifold Assault         Tloc           32%        N/A       12%         4
 Passage of Golubria      Tloc           32%        N/A       12%         4
 Summon Ice Beast         Ice/Summ       32%        N/A       12%         4
 Summon Lightning Spire   Summ/Air       32%        N/A       12%         4
 Alistair's Intoxication  Tmut/Pois      26%        N/A       21%         5
 Agony                    Necr           32%        N/A       30%         5
 Metabolic Englaciation   Hex/Ice        16%        N/A       30%         5
 Silence                  Hex/Air        16%        N/A       30%         5
 Summon Forest            Summ/Tloc      16%        N/A       30%         5
 Summon Mana Viper        Hex/Summ       32%        N/A       30%         5
 Dispersal                Tloc           16%        N/A       83%         6
 Simulacrum               Ice/Necr       16%        N/A       83%         6
 Summon Cactus Giant      Summ           16%        N/A       83%         6
 Ozocubu's Refrigeration  Ice            16%        4d11      86%         7
 Storm Form               Tmut/Air       19%        N/A       99%         7
 Enfeeble                 Hex            16%        N/A       100%        7
 Summon Hydra             Summ           16%        N/A       100%        7
 Discord                  Hex            16%        N/A       100%        8
 Disjunction              Tloc           16%        N/A       100%        8
 Maxwell's Capacitive Co  Air            16%        ∞         100%        8
 Cigotuvi's Dreadful Rot  Necr/Pois/Air  Unusable   N/A       N/A         2
 Sublimation of Blood     Necr           Unusable   N/A       N/A         2
 Statue Form              Tmut/Erth      Unusable   N/A       N/A         6

Dungeon Overview and Level Annotations

Branches:
Dungeon (15/15)            Temple (1/1) D:7            Lair (5/5) D:9
  Swamp (4/4) Lair:2        Snake (4/4) Lair:3        Slime (0/5) Lair:5
    Orc (2/2) D:12            Elf (3/3) Orc:2        Vaults (5/5) D:14
  Crypt (0/3) Vaults:2     Depths (4/4) D:15            Zot (0/5) Depths:4
  Sewer (visited)           IceCv (visited)         Volcano (visited)
Desolation (visited)

Altars:
Ashenzari
Cheibriados
Dithmenos
Elyvilon
Fedhas
Gozag
Hepliaklqana
Makhleb
Nemelex Xobeh
Okawaru
Qazlal
Ru
Sif Muna
Trog
Uskayaw
Vehumet
Wu Jian
Xom
Yredelemnul
Zin
The Shining One
Jiyva
Lugonu

Shops:
D:3 ?   D:8 ?   D:14 =   Orc:1 =   Orc:2 ?:?:   Elf:2 =*((   Snake:1 ((
Snake:2 *   Vaults:4 *   Depths:3 (?

Portals:
Hell: Depths:1 Depths:2 Depths:3 Depths:4
Abyss: Lair:5 Depths:1 Depths:2 Depths:3 Depths:4
Pandemonium: Depths:2
Ziggurat: Depths:2
Trove: D:15 (give 7 scrolls of blinking)

Annotations:
D:3 exclusion: statue
D:4 exclusion: downstairs
D:7 exclusion: downstairs
Temple 4 transporters
Lair:1 9 exclusions, Amaemon
Lair:4 exclusions: 2 downstairs and 4 more exclusions
Orc:1 exclusion: oklob plant
Elf:1 6 runed translucent doors
Vaults:2 36 runed doors
Vaults:4 Mennas


Innate Abilities, Weirdness & Mutations

You are immune to sickness and miasma.
Your stone body is resilient. (AC +19)
You are immune to poison.
Your large and strong wings let you fly.
You resist negative energy. (rN+)
You are resistant to electric shocks. (rElec)
You are resistant to unholy torment.
You are immune to petrification.
You have a somewhat thin skeletal structure. (Dex +2, Stealth+)
You are strong-willed. (Will+)


Message History

You feel much better.
Mennas hits you with a +4 sacred scourge of holy wrath!
Mennas hits you with a +4 sacred scourge of holy wrath.
Okay, then.
Mennas attacks as you move away! Mennas hits you but does no damage.
Mennas hits you with a +4 sacred scourge of holy wrath!
You block Mennas's attack.
Mennas hits you with a +4 sacred scourge of holy wrath.
Mennas hits you but does no damage.
Mennas hits you with a +4 sacred scourge of holy wrath!
* * * LOW HITPOINT WARNING * * *
Mennas attacks as you move away! Mennas hits you but does no damage.
Mennas hits you with a +4 sacred scourge of holy wrath!
* * * LOW HITPOINT WARNING * * *
You feel much better. Mennas hits you but does no damage.
Mennas closely misses you.
Okay, then.
Mennas hits you with a +4 sacred scourge of holy wrath.
* * * LOW HITPOINT WARNING * * *
You block Mennas's attack. You block Mennas's attack.
Mennas hits you but does no damage. Mennas attacks as you move away!
Mennas hits you with a +4 sacred scourge of holy wrath!
* * * LOW HITPOINT WARNING * * *
You block Mennas's attack.
Mennas hits you with a +4 sacred scourge of holy wrath!!
* * * LOW HITPOINT WARNING * * *
Mennas hits you with a +4 sacred scourge of holy wrath.
* * * LOW HITPOINT WARNING * * *
Okay, then.
Okay, then.
You feel better. Mennas hits you but does no damage.
Mennas hits you with a +4 sacred scourge of holy wrath.
* * * LOW HITPOINT WARNING * * *
Mennas hits you but does no damage. You block Mennas's attack.
Mennas attacks as you move away!
Mennas hits you with a +4 sacred scourge of holy wrath.
* * * LOW HITPOINT WARNING * * *
Mennas hits you with a +4 sacred scourge of holy wrath!
You die...

.............######.........###.#
#'#######....##...#.............#
........#..####.#.#....<......#.#
........#..####......#...#.)....#
........#..#.........#......)....
........#..#.#.....#.....#.#)....
........#..#...)......###........
........#..########..############
#########......A@.............#..
..............................#..
..............................#..
.........)....................#..
..............................#..
..............................#..
..............................###
.........##################......
.........#...............).......


You could see Mennas (fast, silencing).

Vanquished Creatures
  3 ancient liches (Vaults:5)
  Mara (Swamp:4)
  A juggernaut (Depths:3)
  the Lernaean hydra (Swamp:4)
  Saint Roka (Depths:3)
  Bai Suzhen (Vaults:4)
  A caustic shrike (Depths:2)
  3 golden dragons
  Nikola (Elf:3)
  Jorgrun (Swamp:2)
  2 hellephants (Depths:3)
  Mlioglotl (Snake:1)
  2 tentacled monstrosities
  Rupert (D:12)
  Asterion (Elf:1)
  A walking earthen tome (Depths:3)
  3 deep elf blademasters
  5 liches
  2 quicksilver dragons
  2 deep elf master archers (Elf:3)
  A walking divine tome (Depths:3)
  Frances (Swamp:1)
  4 sphinxes
  Gastronok (D:10)
  8 tengu reavers
  A storm dragon (shapeshifter) (Elf:1)
  4 shadow dragons
  A draconian monk (Depths:4)
  Kirke (Snake:4)
  4 storm dragons (Vaults:5)
  5 nagarajas
  A fenstrider witch (Swamp:3)
  2 azure jellies (Elf:1)
  5 fire giants
  16 vault wardens
  7 deep elf sorcerers
  2 iron dragons (Vaults:5)
  The ghost of xelgaze the Blocker, a journeyman GnFi of Dithmenos (Swamp:1)
  4 frost giants
  Aizul (Snake:1)
  2 imperial myrmidons (Desolation)
  An orc warlord (Vaults:3)
  A draconian stormcaller (Depths:4)
  16 ironbound preservers
  5 war gargoyles
  5 deep elf elementalists (Elf:3)
  17 stone giants
  A spriggan defender (Depths:3)
  32 very ugly things
  4 ironbound thunderhulks
  2 green draconians (Depths:4)
  3 vampire knights
  8 deep elf demonologists
  12 dire elephants
  Nessos (D:12)
  5 eleionomae
  A halazid warlock (Desolation)
  2 red draconians (Depths:4)
  3 bunyips
  A minotaur (shapeshifter) (Elf:1)
  2 purple draconians (Depths:4)
  7 deep elf annihilators
  2 spark wasps (Depths:4)
  2 pale draconians (Depths:4)
  8 ettins
  A crystal guardian (Desolation)
  An eidolon (Elf:1)
  11 deep elf death magi
  A merfolk javelineer (Depths:3)
  Snorg (D:13)
  10 fire dragons
  Josephine (Lair:5)
  2 jiangshi (Depths:1)
  5 great orbs of eyes
  A shambling mangrove (Swamp:3)
  11 yaktaur captains
  3 deep elf high priests (Vaults:5)
  7 ragged hierophants
  8 rakshasas
  2 entropy weavers
  A salamander tyrant (Snake:4)
  9 servants of whispers
  Harold (D:9)
  The ghost of woowoo the Changer, a journeyman DrTm of Kikubaaqudgha (D:10)
  8 ice dragons
  6 peacekeepers
  Fannar (D:10)
  28 hydras
  A ghost crab (Swamp:4)
  An anaconda (Snake:4)
  33 vault guards
  9 centaur warriors
  9 ironbound frosthearts
  4 spriggan air magi
  2 ogre magi (Orc:2)
  15 naga warriors
  10 two-headed ogres
  7 alligators
  6 hell hogs (Depths:3)
  7 boulder beetles
  11 tengu warriors
  2 deep troll shamans (Depths:4)
  6 death yaks
  2 deep troll earth magi
  24 dancing weapons
  3 vampire magi
  2 thrashing horrors (Lair:5)
  3 orc high priests
  16 naga sharpshooters
  5 spriggan berserkers
  Urug (Lair:3)
  10 shock serpents
  3 skysharks (Lair:5)
  10 hell knights (Depths:4)
  7 skeletal warriors
  25 deep elf knights
  6 iron trolls
  A death drake (Elf:1)
  2 goliath frogs
  A sea snake (shapeshifter) (Vaults:3)
  A shadow wraith (Vaults:5)
  3 spriggan druids
  52 deep trolls
  7 salamander mystics
  A sea snake (Elf:1)
  4 glowing orange brains
  18 deep elf archers
  A shadow demon (Depths:4)
  19 swamp dragons
  3 flayed ghosts
  8 naga ritualists
  5 bog bodies
  Pikel (D:7)
  3 necromancers
  16 ironbound convokers
  A tengu skeleton (Vaults:2)
  3 lindwurms
  9 wizards
  5 phantasmal warriors
  7 mana vipers
  34 deep elf zephyrmancers
  42 ugly things
  9 orc knights
  2 orc sorcerers
  A sphinx skeleton (Vaults:2)
  5 oklob plants
  9 cyclopes
  9 large abominations
  38 deep elf pyromancers
  A wolf spider (Elf:1)
  5 will-o-the-wisps
  A human zombie (Vaults:1)
  11 salamanders
  A wolf spider (shapeshifter) (D:15)
  17 vault sentinels
  A smoke demon (Lair:5)
  A frost giant skeleton (Vaults:1)
  6 molten gargoyles
  25 black mambas
  6 gargoyles
  7 guardian serpents
  4 ice statues
  A torpor snail (Lair:1)
  12 cane toads
  A stone giant skeleton (Vaults:2)
  16 naga magi
  An unseen horror (Depths:1)
  Psyche (D:12)
  3 efreet
  8 komodo dragons
  19 yaktaurs
  2 freezing wraiths
  11 rime drakes
  9 tengu conjurers
  4 ancient zymes (Lair:5)
  4 red devils (D:13)
  14 trolls
  8 tyrant leeches
  An elf skeleton (Vaults:2)
  19 hornets
  A polar bear (Lair:1)
  A tarantella (Vaults:5)
  A dream sheep (shapeshifter) (Vaults:5)
  44 saltlings
  33 blink frogs
  2 raiju (Elf:1)
  20 slime creatures
  A jumping spider (Vaults:3)
  2 ettin skeletons (Vaults:2)
  4 air elementals
  A shadow (D:12)
  11 small abominations
  A centaur simulacrum (D:15)
  2 spriggans (shapeshifter)
  3 wyverns
  A vampire (D:13)
  A ynoxinul (Lair:5)
  A yak (shapeshifter) (Elf:2)
  16 spriggans
  11 water elementals
  28 yaks
  3 hogs
  6 wraiths
  7 basilisks
  6 fire elementals
  10 humans
  A hog (shapeshifter) (Elf:1)
  2 golden eyes (Elf:1)
  3 golden eyes (shapeshifter)
  6 chaos spawn
  6 steam dragons
  9 redbacks
  25 vampire mosquitoes
  A human (shapeshifter) (Elf:2)
  35 nagas
  16 swamp worms
  7 wargs
  An acid dragon (D:11)
  3 hydra simulacra (Elf:1)
  3 floating eyes
  11 water moccasins
  A floating eye (shapeshifter) (Lair:5)
  A glowing shapeshifter skeleton (Vaults:2)
  30 orc warriors
  2 sky beasts
  8 swamp drakes (Swamp:4)
  A black bear (shapeshifter) (Vaults:5)
  An ice beast (Elf:1)
  20 ogres
  The ghost of cdecastro the Shooter, an amateur MiHu (D:2)
  2 black bears
  A black mamba simulacrum (Elf:1)
  5 boggarts
  4 wolves (Lair:1)
  8 human skeletons
  3 lemures (D:7)
  14 centaurs
  4 kobold brigands
  8 bullfrogs
  Blork the orc (D:4)
  An earth elemental (Elf:3)
  A gnoll sergeant (D:9)
  A glowing shapeshifter simulacrum (Vaults:1)
  3 scorpions
  10 wights
  12 killer bees
  2 lindwurm simulacra (IceCv)
  A vampire bat (Elf:1)
  2 elephant simulacra (Elf:1)
  9 howler monkeys
  3 lava snakes (Lair:3)
  2 hounds (D:4)
  Crazy Yiuf (D:7)
  5 komodo dragon simulacra (IceCv)
  27 orc priests
  A jelly (D:4)
  Jessica (D:2)
  A sleepcap (D:3)
  5 iguanas
  21 orc wizards
  4 lightning spires (Elf:1)
  A troll simulacrum (Elf:1)
  Robin (D:2)
  6 acid dragon simulacra (IceCv)
  12 adders
  A naga simulacrum (Elf:1)
  A shadow imp (D:6)
  A white imp (D:8)
  8 steam dragon simulacra (IceCv)
  3 worms
  2 dart slugs
  72 orcs
  6 bats
  13 endoplasms
  7 giant cockroaches
  6 goblins
  5 hobgoblins
  33 kobolds
  8 quokkas
  4 ball pythons
  4 frilled lizards
  6 rats
  A spectral weapon (Elf:1)
1922 creatures vanquished.

Vanquished Creatures (others)
  An eidolon (Elf:1)
  A great orb of eyes (Elf:1)
  A deep elf pyromancer (Elf:1)
  A deep elf zephyrmancer (Elf:1)
  A wizard (D:7)
  A water elemental (Elf:2)
  2 humans
  A ball lightning (Elf:1)
  2 foxfires (Swamp:1)
11 creatures vanquished.

Grand Total: 1933 creatures vanquished

Notes
Turn   | Place    | Note
-------+----------+-------------------------------------------
     0 | D:1      | PoweredByGinger the Gargoyle Earth Elementalist began the
                  | quest for the Orb.
     0 | D:1      | Reached XP level 1. HP: 10/10 MP: 3/3
   139 | D:1      | Reached skill level 1 in Transmutations
   198 | D:1      | Reached XP level 2. HP: 15/15 MP: 5/5
   657 | D:1      | Reached XP level 3. HP: 19/19 MP: 6/6
   969 | D:2      | Learned a level 3 spell: Stone Arrow
  1096 | D:2      | Found a shimmering altar of Xom.
  1097 | D:2      | You fall into a shaft and drop 2 floors!
  1275 | D:4      | Reached XP level 4. HP: 24/24 MP: 3/7
  1366 | D:4      | Found a glowing drain.
  1478 | Sewer    | Entered a sewer
  1514 | Sewer    | Noticed Pargi
  1661 | D:4      | Reached XP level 5. HP: 28/28 MP: 3/9
  1911 | D:3      | Found Yrang's Magic Scroll Shop.
  1939 | D:3      | Bought a scroll of teleportation for 30 gold pieces
  1939 | D:3      | Bought a scroll of teleportation for 30 gold pieces
  1939 | D:3      | Bought a scroll of blinking for 75 gold pieces
  1939 | D:3      | Bought a scroll of teleportation for 30 gold pieces
  1939 | D:3      | Bought a scroll of identify for 20 gold pieces
  2015 | D:3      | Learned a level 2 spell: Passwall
  2062 | D:3      | Found a runed translucent gate.
  2063 | D:3      | Found a runed translucent gate.
  2068 | D:3      | Noticed cdecastro's ghost (amateur MiHu)
  2068 | D:3      | Noticed a kobold brigand
  2071 | D:3      | Found a runed translucent gate.
  2253 | D:3      | Reached skill level 5 in Earth Magic
  2467 | D:3      | Found a radiant altar of Vehumet.
  2467 | D:3      | Noticed a charred statue
  2516 | D:3      | Became a worshipper of Vehumet
  2821 | D:4      | Reached XP level 6. HP: 31/32 MP: 5/11
  3610 | D:4      | Found a snail-covered altar of Cheibriados.
  3648 | D:4      | Noticed Blork the orc
  3955 | D:5      | Entered Level 5 of the Dungeon
  3968 | D:5      | Noticed a black bear
  4035 | D:5      | Killed a black bear
  4502 | D:5      | Reached XP level 7. HP: 36/36 MP: 10/13
  4656 | D:5      | Reached skill level 1 in Conjurations
  5421 | D:5      | Reached skill level 2 in Conjurations
  5568 | D:6      | Reached skill level 5 in Stealth
  5761 | D:6      | Reached XP level 8. HP: 41/41 MP: 13/15
  5764 | D:6      | Reached skill level 5 in Spellcasting
  5936 | D:6      | Found a white marble altar of Elyvilon.
  5981 | D:6      | Reached skill level 3 in Conjurations
  6014 | D:6      | Found a sacrificial altar of Ru.
  6637 | D:2      | Killed cdecastro's ghost
  6736 | D:2      | Identified the +2 pair of gloves of a treasure trove {rCorr
                  | Slay+6}
  6758 | D:2      | Reached * piety under Vehumet
  6758 | D:2      | Offered knowledge of Magic Dart by Vehumet.
  6792 | D:2      | Learned a level 1 spell: Magic Dart
  6931 | D:2      | Noticed Robin
  6933 | D:2      | Killed Robin
  7180 | D:2      | Noticed Jessica
  7186 | D:2      | Killed Jessica
  7367 | D:3      | Reached XP level 9. HP: 45/45 MP: 14/18
  7502 | D:4      | Killed Blork the orc
  8064 | D:7      | Found a staircase to the Ecumenical Temple.
  8124 | D:7      | Reached skill level 4 in Conjurations
  8391 | D:7      | Found a bloodstained altar of Trog.
  8395 | D:7      | Noticed a wizard
  8400 | D:7      | Killed a wizard
  8731 | D:7      | Found a runed translucent door.
  8732 | D:7      | Noticed Crazy Yiuf
  8944 | D:7      | Killed Crazy Yiuf
  9030 | D:7      | Offered knowledge of Freeze by Vehumet.
  9032 | D:7      | Reached ** piety under Vehumet
  9186 | D:7      | Reached skill level 5 in Conjurations
  9314 | D:8      | Noticed Pikel
  9393 | D:7      | Killed Pikel
  9435 | D:8      | Identified the +11 hand axe "Kixotouk" {heavy, Fly Will++
                  | Stlth-}
  9493 | D:8      | Reached XP level 10. HP: 42/50 MP: 14/20
  9735 | D:8      | Reached skill level 6 in Conjurations
  9876 | D:8      | Offered knowledge of Ignite Poison by Vehumet.
  9914 | D:8      | Noticed an oklob plant
  9955 | D:8      | Noticed an oklob plant
 10254 | D:8      | Reached *** piety under Vehumet
 10363 | D:8      | Found Mixkaurast's Magic Scroll Emporium.
 10459 | D:8      | Bought a scroll of fog for 56 gold pieces
 10459 | D:8      | Bought a scroll of identify for 28 gold pieces
 10459 | D:8      | Bought a scroll of teleportation for 42 gold pieces
 10459 | D:8      | Bought a scroll of fog for 56 gold pieces
 10513 | D:8      | Killed an oklob plant
 10592 | D:8      | Killed an oklob plant
 10724 | D:9      | Found a staircase to the Lair.
 10729 | D:9      | Reached skill level 7 in Conjurations
 10767 | D:9      | Noticed Harold
 10775 | D:9      | Killed Harold
 10775 | D:9      | Offered knowledge of Olgreb's Toxic Radiance by Vehumet.
 10776 | D:9      | Reached skill level 5 in Dodging
 11063 | D:9      | Reached XP level 11. HP: 39/54 MP: 3/23
 11260 | D:9      | Noticed a two-headed ogre
 11265 | D:9      | Found a runed translucent door.
 11644 | D:10     | Entered Level 10 of the Dungeon
 11755 | Lair:1   | Entered Level 1 of the Lair of Beasts
 11789 | Lair:1   | Reached skill level 8 in Conjurations
 12026 | Lair:1   | Reached skill level 10 in Earth Magic
 12155 | Lair:1   | Noticed Amaemon
 12240 | Lair:1   | Reached **** piety under Vehumet
 12306 | Lair:1   | Reached skill level 1 in Fighting
 13568 | Lair:2   | Noticed a seven-headed hydra
 13682 | Lair:2   | Reached skill level 9 in Conjurations
 13741 | Lair:2   | Noticed a seven-headed hydra
 14119 | Lair:2   | Reached XP level 12. HP: 47/64 MP: 25/25
 14228 | Lair:2   | Noticed a six-headed hydra
 14746 | Lair:3   | Noticed Urug
 14756 | Lair:3   | Killed Urug
 14822 | Lair:3   | Offered knowledge of Airstrike by Vehumet.
 15322 | Lair:3   | Reached skill level 10 in Conjurations
 15464 | Lair:3   | Reached skill level 10 in Spellcasting
 16199 | Lair:3   | Found a staircase to the Snake Pit.
 16506 | Lair:4   | Noticed a six-headed hydra
 16599 | Lair:4   | Found a dark tunnel.
 16613 | Volcano  | Entered a volcano
 16753 | Volcano  | Reached XP level 13. HP: 72/72 MP: 21/27
 17316 | Lair:4   | Reached skill level 10 in Stealth
 17386 | Lair:3   | Reached skill level 11 in Conjurations
 17452 | Lair:3   | Reached skill level 5 in Fighting
 17986 | Lair:4   | Learned a level 4 spell: Petrify
 18032 | Lair:4   | Reached ***** piety under Vehumet
 18265 | Lair:5   | Entered Level 5 of the Lair of Beasts
 18276 | Lair:5   | Noticed Josephine
 18360 | Lair:5   | Killed Josephine
 18360 | Lair:5   | Offered knowledge of Starburst by Vehumet.
 18793 | Lair:5   | Found a staircase to the Slime Pits.
 18793 | Lair:5   | Found a viscous altar of Jiyva.
 19362 | Lair:5   | Gained mutation: Your large and strong wings let you fly.
                  | [Gargoyle growth]
 19362 | Lair:5   | Reached XP level 14. HP: 80/80 MP: 10/29
 19753 | Lair:5   | Learned a level 6 spell: Starburst
 20370 | Lair:5   | Found a corrupted altar of Lugonu.
 20370 | Lair:5   | Found a one-way gate to the infinite horrors of the Abyss.
 20393 | Lair:5   | Gained mutation: You have a somewhat thin skeletal
                  | structure. (Dex +2, Stealth+) [potion of mutation]
 20393 | Lair:5   | Gained mutation: You are strong-willed. (Will+) [potion of
                  | mutation]
 20744 | Lair:2   | Found a staircase to the Swamp.
 21093 | D:10     | Offered knowledge of Conjure Ball Lightning by Vehumet.
 21485 | D:10     | Noticed Gastronok
 21497 | D:10     | Killed Gastronok
 21675 | D:10     | Noticed Fannar
 21686 | D:10     | Killed Fannar
 21966 | D:10     | Found a runed translucent door.
 21973 | D:10     | Noticed woowoo's ghost (journeyman DrTm)
 22613 | D:10     | Killed woowoo's ghost
 22657 | D:10     | Identified the +6 sling "Xeggy" {flame, Fragile +Blink
                  | Will+}
 23665 | D:11     | Reached skill level 12 in Conjurations
 24186 | D:12     | Noticed Psyche
 24190 | D:12     | Killed Psyche
 24236 | D:12     | Noticed Rupert
 24252 | D:12     | You are sucked into a shaft and drop 2 floors!
 24410 | D:14     | Found a shimmering blue altar of Sif Muna.
 24640 | D:13     | Noticed Snorg
 24930 | D:13     | Reached XP level 15. HP: 43/88 MP: 7/31
 25624 | D:13     | Killed Snorg
 26292 | D:12     | Identified the ring of Zaaraipt {Str+6 Dex+2 SInv}
 26297 | D:12     | Found a staircase to the Orcish Mines.
 26365 | D:12     | Noticed Nessos
 26411 | D:12     | Killed Nessos
 26446 | D:12     | Offered knowledge of Lee's Rapid Deconstruction by Vehumet.
 27227 | Temple   | Entered the Ecumenical Temple
 27227 | Temple   | Found a transporter.
 27227 | Temple   | Found a transporter.
 27229 | Temple   | Found a transporter.
 27229 | Temple   | Found a transporter.
 27380 | D:12     | Killed Rupert
 27381 | D:12     | Reached skill level 10 in Dodging
 27421 | Orc:1    | Entered Level 1 of the Orcish Mines
 27447 | D:12     | Learned a level 5 spell: Lee's Rapid Deconstruction
 27730 | Orc:2    | Entered Level 2 of the Orcish Mines
 27792 | Orc:2    | Found a frozen archway.
 27850 | IceCv    | Entered an ice cave
 29013 | Orc:2    | Found a staircase to the Elven Halls.
 29066 | Orc:1    | You are sucked into a shaft and drop 1 floor!
 29644 | Orc:1    | Learned a level 3 spell: Mephitic Cloud
 29650 | Orc:1    | Learned a level 5 spell: Freezing Cloud
 29659 | Orc:1    | Learned a level 8 spell: Lehudib's Crystal Spear
 30035 | Orc:2    | Reached skill level 15 in Earth Magic
 30096 | Orc:1    | Offered knowledge of Iron Shot by Vehumet.
 30110 | Orc:1    | Found Kazxeonli's Jewellery Boutique.
 30401 | Orc:2    | Found Lunucvysch's Book Emporium.
 30405 | Orc:2    | Found Yxeu's Magic Scroll Shop.
 30406 | Orc:2    | Found Guclil's Book Shoppe.
 30465 | Orc:2    | Found Gearym's Magic Scroll Emporium.
 30469 | Orc:2    | Bought a scroll of teleportation for 48 gold pieces
 30469 | Orc:2    | Bought a scroll of fear for 64 gold pieces
 30474 | Orc:2    | Bought a scroll of fog for 72 gold pieces
 30474 | Orc:2    | Bought a scroll of blinking for 135 gold pieces
 30474 | Orc:2    | Bought a scroll of amnesia for 72 gold pieces
 30540 | Orc:2    | Reached XP level 16. HP: 95/96 MP: 26/33
 30544 | Orc:2    | Reached skill level 13 in Conjurations
 30977 | Orc:1    | Bought a ring of magical power for 340 gold pieces
 31000 | Orc:1    | Learned a level 6 spell: Iron Shot
 31210 | D:13     | Identified the +2 pair of boots "Goguept" {Int+7}
 31550 | D:14     | Identified a scroll of acquirement
 31560 | D:14     | Acquired 684 gold pieces
 31677 | D:14     | Found Weshung's Jewellery Boutique.
 31725 | D:14     | Reached skill level 10 in Fighting
 32034 | D:14     | Found a gate to the Vaults.
 32183 | D:15     | Entered Level 15 of the Dungeon
 32738 | D:15     | Reached skill level 1 in Shields
 33045 | D:15     | Reached ****** piety under Vehumet
 33072 | D:15     | Found a staircase to the Depths.
 33237 | D:15     | Found a portal to a secret trove of treasure.
 33646 | Snake:1  | Entered Level 1 of the Snake Pit
 33780 | Snake:1  | Identified the +6 dagger of the Blessed Realm {speed, rF+}
 33793 | Snake:1  | Found Igenaewk's Antique Weapon Emporium.
 33798 | Snake:1  | Found Lideg's Weapon Shoppe.
 33926 | Snake:1  | Noticed Mlioglotl
 33932 | Snake:1  | Killed Mlioglotl
 33933 | Snake:1  | Reached skill level 14 in Conjurations
 34526 | Snake:1  | Offered knowledge of Fireball by Vehumet.
 34669 | Snake:1  | Noticed Aizul
 34675 | Snake:1  | Killed Aizul
 35255 | Snake:2  | Noticed a nagaraja
 35259 | Snake:2  | Killed a nagaraja
 35857 | Snake:2  | Found Tifeat's Overcharged Wands.
 35964 | Snake:2  | Reached XP level 17. HP: 102/102 MP: 28/35
 36858 | Snake:3  | Reached skill level 15 in Conjurations
 38030 | Snake:4  | Entered Level 4 of the Snake Pit
 38039 | Snake:4  | Reached skill level 5 in Shields
 38797 | Snake:4  | Noticed Kirke
 38805 | Snake:4  | Killed Kirke
 39014 | Snake:4  | Acquired 636 gold pieces
 39365 | Snake:4  | Reached skill level 15 in Spellcasting
 39494 | Snake:4  | Offered knowledge of Arcjolt by Vehumet.
 40025 | Snake:4  | Got a serpentine rune of Zot
 40401 | Swamp:1  | Entered Level 1 of the Swamp
 40610 | Orc:2    | Bought a book of the Spheres for 810 gold pieces
 40616 | Orc:2    | Learned a level 5 spell: Iskenderun's Battlesphere
 40978 | Swamp:1  | Found a runed translucent door.
 40978 | Swamp:1  | Noticed xelgaze's ghost (journeyman GnFi)
 40985 | Swamp:1  | Reached skill level 16 in Conjurations
 40995 | Swamp:1  | Noticed Frances
 41002 | Swamp:1  | Killed Frances
 41003 | Swamp:1  | Reached XP level 18. HP: 108/108 MP: 13/37
 41298 | Swamp:1  | Killed xelgaze's ghost
 41351 | Swamp:1  | Identified the staff of air "Noqing" {rElec rPois rC-
                  | Dex+2}
 42532 | Swamp:2  | Noticed Jorgrun
 42539 | Swamp:2  | Killed Jorgrun
 43818 | Swamp:4  | Entered Level 4 of the Swamp
 43853 | Swamp:4  | Noticed Mara
 43952 | Swamp:4  | Offered knowledge of Ignition by Vehumet.
 44174 | Swamp:4  | Killed Mara
 44502 | Swamp:4  | Reached skill level 17 in Conjurations
 45037 | Swamp:4  | Noticed the 27-headed Lernaean hydra
 45049 | Swamp:4  | Killed the 27-headed Lernaean hydra
 45428 | Swamp:4  | Reached XP level 19. HP: 116/116 MP: 31/39
 45474 | Swamp:4  | Got a decaying rune of Zot
 45834 | Elf:1    | Entered Level 1 of the Elven Halls
 47075 | Elf:1    | Got Piusull's Compilation of Variation
 47595 | Elf:1    | Offered knowledge of Fire Storm by Vehumet.
 47595 | Elf:1    | Offered knowledge of Shatter by Vehumet.
 47595 | Elf:1    | Offered knowledge of Chain Lightning by Vehumet.
 47748 | Elf:1    | Got Giud's Atlas of the Curse
 47816 | Elf:1    | Reached skill level 18 in Conjurations
 47890 | Elf:1    | Found a runed translucent gate.
 47890 | Elf:1    | Found a runed translucent gate.
 47890 | Elf:1    | Found a runed translucent gate.
 47890 | Elf:1    | Found a runed translucent gate.
 47890 | Elf:1    | Found a runed translucent gate.
 47891 | Elf:1    | Found a runed translucent gate.
 48137 | Elf:1    | Got Sif Muna's Precepts of Vapour
 48189 | Elf:1    | Identified the +0 kite shield "Bihukesu" {-Tele Rampage
                  | Dex+3 Slay+3}
 48189 | Elf:1    | Noticed Asterion
 48194 | Elf:1    | Killed Asterion
 48829 | Elf:1    | Got Upheored's Folio of Effluvium
 49277 | Elf:2    | Found Jeles's Antique Weapon Shop.
 49393 | Elf:2    | Found Atuwkinop's Jewellery Boutique.
 49448 | Elf:2    | Found Abysiydo's Weapon Shop.
 49718 | Elf:2    | Found a runed translucent gate.
 49718 | Elf:2    | Found a runed translucent gate.
 49718 | Elf:2    | Found a runed translucent gate.
 49944 | Elf:2    | Found Puroj's Assorted Antiques.
 49965 | Elf:2    | Bought a scroll of blinking for 187 gold pieces
 50158 | Elf:2    | Reached XP level 20. HP: 124/124 MP: 41/41
 50521 | Elf:2    | Reached skill level 19 in Conjurations
 50729 | Elf:3    | Entered Level 3 of the Elven Halls
 51433 | Elf:3    | Noticed a Brimstone Fiend
 52002 | Elf:3    | Identified the +3 great sword of Glory {drain, rF+ rC+
                  | Dex-4 Stlth+}
 52002 | Elf:3    | Identified the +1 robe "Doqiloy" {Rampage Fly Str+7 Int-3}
 52238 | Elf:3    | Identified the +12 plate armour of Generosity {rCorr}
 52240 | Elf:3    | Identified the ring of Xoir {rElec rF+ rC+ rN+}
 52530 | Elf:3    | Noticed Nikola
 52585 | Elf:3    | Killed Nikola
 52841 | Elf:3    | Reached skill level 20 in Conjurations
 53345 | Elf:3    | Identified the staff of conjuration "Zaiceaz" {rPois
                  | Stlth+}
 53363 | Elf:3    | Identified the staff of death "Odimoequ" {rElec rN+ Str-4
                  | Int+7}
 53374 | Elf:3    | Got the Papyrus of the Tempest and Moulding
 53628 | Vaults:1 | Entered Level 1 of the Vaults
 53869 | Vaults:1 | Reached skill level 1 in Armour
 53983 | Vaults:1 | Reached skill level 1 in Fire Magic
 54064 | Vaults:1 | Reached XP level 21. HP: 132/132 MP: 42/42
 55447 | Vaults:2 | Learned a level 9 spell: Shatter
 55727 | Vaults:2 | Found a huge runed gate.
 55727 | Vaults:2 | Found a huge runed gate.
 55727 | Vaults:2 | Found a huge runed gate.
 55727 | Vaults:2 | Found a huge runed gate.
 55727 | Vaults:2 | Found a huge runed gate.
 55727 | Vaults:2 | Found a huge runed gate.
 55728 | Vaults:2 | Found a huge runed gate.
 55728 | Vaults:2 | Found a huge runed gate.
 55728 | Vaults:2 | Found a huge runed gate.
 55728 | Vaults:2 | Found a huge runed gate.
 55728 | Vaults:2 | Found a huge runed gate.
 55729 | Vaults:2 | Found a huge runed gate.
 55730 | Vaults:2 | Found a huge runed gate.
 55731 | Vaults:2 | Found a huge runed gate.
 55739 | Vaults:2 | Found a huge runed gate.
 55739 | Vaults:2 | Found a huge runed gate.
 55739 | Vaults:2 | Found a huge runed gate.
 55739 | Vaults:2 | Found a huge runed gate.
 55739 | Vaults:2 | Found a huge runed gate.
 55739 | Vaults:2 | Found a huge runed gate.
 55740 | Vaults:2 | Found a huge runed gate.
 55741 | Vaults:2 | Found a huge runed gate.
 55742 | Vaults:2 | Found a huge runed gate.
 55750 | Vaults:2 | Found a huge runed gate.
 55750 | Vaults:2 | Found a huge runed gate.
 55750 | Vaults:2 | Found a huge runed gate.
 55750 | Vaults:2 | Found a huge runed gate.
 55750 | Vaults:2 | Found a huge runed gate.
 55750 | Vaults:2 | Found a huge runed gate.
 55751 | Vaults:2 | Found a huge runed gate.
 55752 | Vaults:2 | Found a huge runed gate.
 55753 | Vaults:2 | Found a huge runed gate.
 55762 | Vaults:2 | Found a huge runed gate.
 55762 | Vaults:2 | Found a huge runed gate.
 55762 | Vaults:2 | Found a huge runed gate.
 55762 | Vaults:2 | Found a huge runed gate.
 56149 | Vaults:2 | Found a staircase to the Crypt.
 56831 | Vaults:2 | Reached skill level 21 in Conjurations
 57642 | Vaults:3 | Found a crumbling gateway.
 57672 | Desolati | Entered the Desolation of Salt
 58259 | Desolati | Identified the +0 ring mail of Joethim {rPois}
 58260 | Desolati | Identified the ring "Nise" {rF+ rN+ Will+}
 58619 | Desolati | Reached XP level 22. HP: 124/137 MP: 13/43
 58745 | Desolati | Identified the ring "Ymuh Lae" {Fly rF+ Int+3}
 58750 | Desolati | Identified the staff of cold "Omoma" {rPois rC+ Str+2
                  | Int-5}
 58931 | Desolati | Identified the +10 ring mail of Vlad {rN+ Int+4 Slay-2}
 59147 | Desolati | Got the Reference Book on the Evil Eye and Momentum
 59150 | Desolati | Identified the +3 ring mail of Verdant Liberty {rC++ Dex-5
                  | SInv Stlth-}
 59372 | Vaults:3 | Reached skill level 22 in Conjurations
 61055 | Vaults:4 | Identified the +7 dagger of Esysuati {drain, *Noise rC+
                  | rCorr}
 61074 | Vaults:4 | Found Roph's Assorted Antiques.
 61082 | Vaults:4 | Bought a scroll of fear for 188 gold pieces
 61082 | Vaults:4 | Bought 3 scrolls of teleportation for 423 gold pieces
 61082 | Vaults:4 | Bought a scroll of blinking for 352 gold pieces
 61386 | Vaults:4 | Identified the +10 arbalest of Distant Shores {flame, rF+++
                  | Str+3 Dex-2 Stlth+}
 61386 | Vaults:4 | Identified the +7 arbalest of Abomination {drain, Int+2}
 61788 | Vaults:4 | Reached skill level 23 in Conjurations
 62360 | Depths:1 | Entered Level 1 of the Depths
 63421 | Depths:1 | Found a gateway to Hell.
 63500 | Depths:1 | Reached XP level 23. HP: 143/143 MP: 29/45
 64698 | Depths:2 | Found a one-way gate leading to the halls of Pandemonium.
 64705 | Depths:2 | Found a one-way gateway to a ziggurat.
 64834 | Depths:2 | Found a shimmering altar of Xom.
 64837 | Depths:2 | Found a shimmering altar of Xom.
 64838 | Depths:2 | Found a shimmering altar of Xom.
 64838 | Depths:2 | Found a shimmering altar of Xom.
 64838 | Depths:2 | Found a shimmering altar of Xom.
 64842 | Depths:2 | Found a shimmering altar of Xom.
 64842 | Depths:2 | Found a shimmering altar of Xom.
 64929 | Depths:2 | Noticed a caustic shrike
 64932 | Depths:2 | Killed a caustic shrike
 65026 | Depths:2 | Found the +9 scales of the Dragon King {rPois rF+ rC+
                  | Will+}
 65031 | Depths:2 | Found a corrupted altar of Lugonu.
 65467 | Depths:3 | Found Doarahic's Antique Weapon Shoppe.
 65469 | Depths:3 | Found Elil's Magic Scroll Emporium.
 65471 | Depths:3 | Found Deat's Distillery.
 65499 | Depths:3 | Noticed Saint Roka
 65831 | Depths:3 | Reached skill level 5 in Fire Magic
 66034 | Depths:3 | Killed Saint Roka
 66157 | Depths:3 | Acquired Vehumet's Incunabulum of the Mortuary Salvo
 66163 | Depths:3 | Reached skill level 24 in Conjurations
 66199 | Depths:3 | Bought a potion of heal wounds for 120 gold pieces
 66199 | Depths:3 | Bought 2 potions of curing for 144 gold pieces
 66199 | Depths:3 | Bought a potion of haste for 240 gold pieces
 66199 | Depths:3 | Bought a potion of heal wounds for 120 gold pieces
 66199 | Depths:3 | Bought a potion of curing for 72 gold pieces
 66199 | Depths:3 | Bought a potion of curing for 72 gold pieces
 66199 | Depths:3 | Bought 2 potions of haste for 480 gold pieces
 66199 | Depths:3 | Bought a potion of heal wounds for 120 gold pieces
 66199 | Depths:3 | Bought a potion of lignification for 72 gold pieces
 66201 | Depths:3 | Bought a scroll of teleportation for 57 gold pieces
 66201 | Depths:3 | Bought a scroll of fog for 76 gold pieces
 66201 | Depths:3 | Bought a scroll of amnesia for 76 gold pieces
 66201 | Depths:3 | Bought a scroll of vulnerability for 76 gold pieces
 66279 | Depths:3 | Reached skill level 15 in Fighting
 67027 | Depths:3 | Noticed a juggernaut
 67027 | Depths:3 | Noticed a golden dragon
 67031 | Depths:3 | Killed a golden dragon
 67032 | Depths:3 | Killed a juggernaut
 67217 | Depths:4 | Entered Level 4 of the Depths
 67221 | Depths:4 | Reached XP level 24. HP: 139/151 MP: 45/45
 67505 | Depths:4 | Found a hide-covered altar of Uskayaw.
 68675 | Depths:4 | Found a gate to the Realm of Zot.
 69332 | Vaults:5 | Entered Level 5 of the Vaults
 69335 | Vaults:5 | Reached skill level 25 in Conjurations
 69337 | Vaults:5 | Identified the +8 tower shield of Ninaabb {Dex+2}
 69337 | Vaults:5 | Noticed Mennas
 69520 | Vaults:5 | Noticed an ancient lich
 69522 | Vaults:5 | Killed an ancient lich
 69527 | Vaults:5 | Noticed an ancient lich
 69533 | Vaults:5 | Killed an ancient lich
 69562 | Vaults:5 | Noticed an ancient lich
 69574 | Vaults:5 | Noticed Bai Suzhen
 70067 | Vaults:5 | Reached XP level 25. HP: 157/157 MP: 46/46
 70243 | Vaults:5 | Identified the ring of Agoczick {rPois AC+4 Dex+2}
 70340 | Vaults:5 | Identified the +1 sling of Liew {antimagic, Str+6}
 70479 | Vaults:5 | Acquired 736 gold pieces
 70497 | Vaults:5 | Killed an ancient lich
 71037 | Vaults:4 | Killed Bai Suzhen
 71290 | Vaults:4 | HP: 7/159 [Mennas/+4 sacred scourge of holy wrath (4)]
 71294 | Vaults:4 | Slain by Mennas

Illustrated notes

Levels and vault maps discovered:
D:1:      matt_arrival_refuge, layout_loops_ring
D:2:      layout_basic, basic_altar, uniq_jessica, uniq_robin
D:3:      layout_basic, vehumet_statue, serial_shops,
          nicolae_shop_advertising_works [nicolae_subvault_shop_adworks],
          gammafunk_ghost_nasty_kobolds
D:4:      layout_basic, lemuel_tele_altar, portal_sewer_entry_f,
          uniq_blork_the_orc
D:5:      layout_layer_cave, chequers_garden, guppyfry_early_lair_pool
D:6:      layout_basic, mainiacjoe_overflow_surrounded_room, elyvilon_altar_5
D:7:      layout_loops_ring, trog_wizard, minmay_temple_entry_arrows,
          minmay_misc_feat_room, uniq_crazy_yiuf_cottage
D:8:      layout_gridville, serial_shops, shop, disabler_island, uniq_pikel
D:9:      layout_roguey, david_lair_shrubbed, minmay_st_funbox, uniq_harold
D:10:     nicolae_cairo_tiling_large_dashed, layout_layer_cave,
          ebering_ghost_inner_flame, minmay_librarian, uniq_gastronok,
          uniq_fannar
D:11:     layout_roguey, grunt_decor_junction
D:12:     layout_basic, orc_0_dummy, uniq_psyche, uniq_nessos, uniq_rupert
D:13:     layout_loops_ring, einodemon_armed_red_devil_minivault, uniq_snorg
D:14:     layout_loops_ring, ximxim_vaults_locker_room, basic_altar,
          serial_shops, nicolae_take_the_stairs
D:15:     gammafunk_enter_depths_forms, layout_gridville,
          nicolae_trove_entry_crystal, minivault_22
Temple:   hellmonk_temple_divided_pantheon
Lair:1:   layout_layer_cave, uniq_amaemon
Lair:2:   layout_gridlike, minmay_swamp_entry_worms
Lair:3:   layout_roguey, nicolae_snake_entry_warm_welcome, beast_lair_carwin_9,
          lemuel_fruit_tree, uniq_urug
Lair:4:   layout_loops_ring, lightli_volcano_entry_magma_tube,
          lemuel_old_faithful
Lair:5:   hellmonk_lair_end_abyssal_woods, layout_concentric_octagons,
          minmay_slime_entry_oklob_open, grunt_megastairs_3, uniq_josephine
Swamp:1:  layout_basic_swamp, gammafunk_ghost_grave,
          evilmike_swamp_ruin_rubble_2, uniq_frances
Swamp:2:  layout_basic_swamp, evilmike_swamp_ruin_wall, uniq_jorgrun
Swamp:3:  layout_basic_swamp, serial_swamp_ruin, evilmike_swamp_ruin_house_5,
          hangedman_swamp_ruin_wall, evilmike_swamp_ruin_house_3,
          grunt_witch_cave
Swamp:4:  swamp_old_school, layout_basic_swamp, uniq_mara
Snake:1:  layout_grid_maze, minmay_shoptagon, serial_bayou_shore_b,
          uniq_mlioglotl, uniq_aizul
Snake:2:  layout_chambers, nicolae_shop_overcharged_wands
Snake:3:  layout_layer_cave
Snake:4:  snake_pit, layout_concentric_octagons, uniq_kirke
Orc:1:    nicolae_orc_accident_2, layout_caves, basic_altar, serial_shops, shop,
          mines3_lemuel
Orc:2:    st_orc_open, layout_diamond_mine, portal_ice_cave_rime,
          elves_outpost_lemuel
Elf:1:    minmay_elf_arrival_circle, layout_loops_cross,
          serial_hangedman_research, hangedman_research_probablistics,
          hangedman_research_electronics, hangedman_research_thermodynamics,
          hangedman_research_metamorphosis, hangedman_research_toxicology,
          orc_legates, st_stairs_13, minmay_misc_feat_cross, uniq_asterion
Elf:2:    elven_hall_of_blades_hangedman_original [nicolae_blade_little_rooms],
          layout_gridlike, serial_shops, shop, shop, shop, shop_statue
Elf:3:    elf_hall, layout_geoelf_diagonals, grunt_ministairs_13, uniq_nikola
Vaults:1: ontoclasm_vaults_shuriken, vaults_mumra_bighexcomb,
          nicolae_vaults_surprise_closet, hangedman_vaults_corner_blocks,
          nicolae_vaults_house_2, nicolae_vaults_trapezoid_lopsided_3,
          nicolae_vaults_storage_closets_2, vaults_dpeg_hooks, v_rooms_6,
          layout_vaults_omnicross
Vaults:2: vaults_dpeg_ring, v_alt_pattern_6, minmay_crypt_entry_skeletal_spiral,
          hangedman_vaults_variations, nicolae_vaults_circle_grid_b,
          v_pattern_1, nicolae_vaults_network_quincunx
          [nicolae_vaults_network_quincunx_subvault,
          nicolae_vaults_network_quincunx_subvault,
          nicolae_vaults_network_quincunx_subvault,
          nicolae_vaults_network_quincunx_subvault,
          nicolae_vaults_network_quincunx_subvault],
          hangedman_vaults_river_flow, hangedman_vaults_stretched_pinwheel,
          nicolae_vaults_twisting_passages, nicolae_vaults_ring_of_whatevers,
          nicolae_vaults_tetromino_Z_2, door_vault, nicolae_vaults_apartment_1,
          layout_vaults_maze_bifur
Vaults:3: portal_desolation_entry_nicolae_nacl, nicolae_vaults_cochlea,
          nicolae_vaults_closet_pinwheel_5, v_misc_24, ontoclasm_vaults_chip,
          nicolae_vaults_corridor_and_loot_room,
          nicolae_vaults_little_squares_1, vaults_room_corners,
          hangedman_vaults_capsules, v_pattern_2, nicolae_vaults_three_branches,
          v_misc_24, nicolae_vaults_tetromino_T_1, nicolae_vaults_house_3,
          vaults_room_door_ring, nicolae_vaults_specimen_jars,
          nicolae_vaults_storage_room_statues, nicolae_vaults_little_squares_4,
          v_misc_8, layout_vaults_omnibox
Vaults:4: nicolae_vaults_big_ls, hangedman_vaults_slice, hangedman_vaults_nodes,
          hangedman_vaults_locks, hangedman_vaults_nails,
          nicolae_vaults_yaktaur_gun_rack, nicolae_vaults_double_plus_2,
          layout_vaults_chaotic_city, serial_shops,
          nicolae_shop_overgrown_old_shop
Vaults:5: uniq_mennas, uniq_bai_suzhen
Depths:1: layout_gridlike, serial_bayou_pond_b, minmay_room_of_horrors,
          hell_entry, grunt_ministairs_7, minmay_microvault
Depths:2: nicolae_whirlpool, layout_long_grid, enter_ziggurat_e,
          nicolae_xom_altar_mimics, abyss_entry_flame_altar,
          grunt_hell_entry_dis_grunt, pan_entry, st_stairs_14,
          hangedman_abyss_or_decor_stabs, dispersion_dpeg
Depths:3: kennysheep_water_balloons, layout_small_grid, abyss_entry,
          grunt_hell_horde, kennysheep_pointless_box,
          infiniplex_staircase_spiral, minmay_shop_star, uniq_saint_roka
Depths:4: evilmike_zot_entry_gauntlet, layout_twisted_cross, hell_entry,
          abyss_entry, nicolae_uskayaw_murder_on_the_dancefloor, serial_glass,
          glass_columns_a, glass_columns_a, feat_on_display,
          nicolae_keep_em_comin

Skill      XL: |  1  2  3  4  5  6  7  8  9 10 11 12 13 14 15 16 17 18 19 20 21 22 23 24 |
---------------+-------------------------------------------------------------------------+-----
Transmutations | 1 2 |  2.0
Earth Magic    | 4 5 6 7 8 9 10 11 12 13 15 16 17 18 19 21 22 23 24 | 24.3
Stealth        | 3 4 5 6 7 8 9 10 11 12 | 12.8
Spellcasting   | 3 4 6 7 8 9 10 11 12 13 14 15 16 17 18 19 | 19.6
Conjurations   | 2 3 5 7 9 10 11 12 14 16 17 18 20 21 23 24 25 | 25.7
Dodging        | 2 3 5 6 7 9 10 11 | 11.0
Fighting       | 2 4 6 7 9 10 11 12 14 15 16 | 16.5
Shields        | 3 6 7 |  7.0
Armour         | 1 2 |  2.6
Fire Magic     | 1 2 3 6 8 |  8.9

Action                     |  1- 3 |  4- 6 |  7- 9 | 10-12 | 13-15 | 16-18 | 19-21 | 22-24 | 25-27 || total
---------------------------+-------+-------+-------+-------+-------+-------+-------+-------+-------++-------
  Melee: Spear             |    44 |    29 |    25 |       |       |       |       |       |       ||    98
         Quarterstaff      |       |       |     6 |     1 |       |       |       |       |       ||     7
         Staff             |       |       |       |     2 |     8 |     9 |    10 |     7 |       ||    36
         Punch             |       |       |       |     1 |       |       |       |       |       ||     1
   Cast: Sandblast         |    27 |    77 |    80 |   134 |   345 |   189 |    34 |    18 |     2 ||   906
         Stone Arrow       |       |     3 |    70 |   197 |   626 |   207 |     4 |    40 |     1 ||  1148
         Passwall          |       |       |       |     1 |       |       |       |       |       ||     1
         Petrify           |       |       |       |       |     8 |     2 |       |       |       ||    10
         Magic Dart        |       |       |       |       |    83 |   144 |   322 |   124 |    12 ||   685
         Starburst         |       |       |       |       |    11 |    16 |     2 |     8 |       ||    37
         Iron Shot         |       |       |       |       |       |   284 |   457 |   305 |    47 ||  1093
         Freezing Cloud    |       |       |       |       |       |    32 |    73 |    11 |       ||   116
         Iskenderun's Batt |       |       |       |       |       |    53 |    84 |    53 |     6 ||   196
         Lehudib's Crystal |       |       |       |       |       |     8 |    48 |    37 |    16 ||   109
         Shatter           |       |       |       |       |       |       |       |   144 |    13 ||   157
  Evoke: Wand              |       |       |       |       |     9 |       |       |    10 |       ||    19
    Use: Scroll            |       |    12 |     2 |     9 |     9 |    10 |     2 |    10 |     1 ||    55
         Potion            |       |       |       |       |     2 |     1 |       |     5 |    17 ||    25
   Stab: Sleeping          |     7 |     5 |     3 |     1 |       |     2 |     1 |       |       ||    19
         Petrified         |       |       |       |       |     3 |       |       |       |       ||     3
 Armour: Robe              |    13 |    17 |    54 |    62 |   179 |   105 |    78 |    79 |    43 ||   630
  Dodge: Dodged            |    35 |    32 |    98 |   112 |   331 |   169 |    88 |   109 |    42 ||  1016
         Repelled          |       |       |       |     4 |     5 |    19 |    13 |     7 |     2 ||    50
  Block: Kite shield       |       |       |       |       |       |   102 |    72 |    83 |    36 ||   293
